 Dungeon Crawl Stone Soup version 0.18.1-48-g4cf74bf (webtiles) character file.

142 raph the Archer (level 5, 0/42 HPs)
             Began as a Centaur Hunter on July 8, 2016.
             Was a Follower of Ashenzari.
             Slain by an orc priest (5 damage)
             ... on level 3 of the Dungeon.
             The game lasted 00:06:53 (3476 turns).

raph the Archer (Centaur Hunter)                    Turns: 3476, Time: 00:06:54

Health: 0/42       AC:  8    Str: 14    XL:     5   Next: 3%
Magic:  5/5        EV:  8    Int: 10    God:    Ashenzari [*.....]
Gold:   189        SH:  0    Dex: 11    Spells: 0 memorised, 4 levels left

rFire  . . .     SeeInvis +     b - +0 short sword
rCold  . . .     Gourm    .     g - +0 ring mail (curse)
rNeg   . . .     Faith    .     (no shield)
rPois  .         Spirit   .     h - +0 helmet
rElec  .         Dismiss  .     l - +0 cloak
rCorr  .         Reflect  .     m - +0 pair of gloves
SustAt .         Harm     .     (no barding)
MR     .....                    (no amulet)
Stlth  ..........               (no ring)
                                r - ring of see invisible

@: very quick, not resistant to hostile enchantments, extremely unstealthy
A: hooves 3, deformed body, speed 2, tough skin 3
a: Curse Item, Scrying, Renounce Religion


You were on level 3 of the Dungeon.
You worshipped Ashenzari.
Ashenzari was aware of your devotion.
You were very hungry.

You visited 1 branch of the dungeon, and saw 4 of its levels.

You collected 189 gold pieces.

Inventory:

Hand Weapons
 a - a +1 shortbow
 b - a +0 short sword (weapon)
Missiles
 d - 112 arrows
Armour
 c - a +0 leather armour
 g - a cursed +0 ring mail (worn)
 h - a +0 helmet (worn)
 l - a +0 cloak (worn)
 m - a +0 pair of gloves (worn)
Jewellery
 r - a ring of see invisible (left hand)
Scrolls
 e - 6 scrolls of identify {unknown}
 i - 2 scrolls of immolation {unknown}
 k - a scroll of random uselessness {unknown}
 n - 2 scrolls of teleportation {unknown}
 p - a scroll of amnesia {unknown}
 v - a scroll of fog {unknown}
 w - a scroll of blinking {unknown}
 A - 2 scrolls of enchant armour {unknown}
 B - a scroll of magic mapping {unknown}
Potions
 j - a potion of haste {unknown}
 q - a potion of might
 s - a potion of lignification {unknown}
 t - 3 potions of heal wounds {unknown}
 u - 3 potions of curing {unknown}
 x - a potion of agility {unknown}
Books
 y - a Fen Folio

   Spells                             Type                      Level
   a - Corpse Rot                     Necromancy                   2
   b - Stone Arrow                    Conjuration/Earth            3
   c - Leda's Liquefaction            Hexes/Earth                  4
   d - Summon Forest                  Summoning/Translocation      5
   e - Hydra Form                     Transmutation                6
   f - Summon Hydra                   Summoning                    7
Comestibles
 f - 3 bread rations
 o - a beef jerky


   Skills:
 - Level 2.3 Fighting
 * Level 8.0 Bows
 - Level 1.7 Dodging
 - Level 0.5 Stealth


You had 4 spell levels left.
You didn't know any spells.

Dungeon Overview and Level Annotations

Branches:
Dungeon (4/15)             Temple (0/1) D:4

Altars:
Ashenzari
Makhleb


Innate Abilities, Weirdness & Mutations

You have hooves in place of feet.
Armour fits poorly on your strangely shaped body.
You cover ground very quickly.
You have extremely tough skin (AC +3).


Message History

* * * LOW HITPOINT WARNING * * *
You hit the orc priest but do no damage.
The orc priest closely misses you.
You barely miss the orc priest.
The orc priest hits you but does no damage.
You hit the orc priest but do no damage.
The orc priest invokes the aid of Beogh against you.
Pain shoots through your body!
* * * LOW HITPOINT WARNING * * *
You hit the orc priest.
The orc priest is heavily wounded.
The orc priest hits you but does no damage.
You barely miss the orc priest.
The orc priest is heavily wounded.
The orc priest hits you but does no damage.
You closely miss the orc priest.
You kick the orc priest, but do no damage.
The orc priest is heavily wounded.
The orc priest hits you.
You die...

##.#.# #.....#
#.#.#######.....#
#.#.##...##.....#
#.#.##...##.....#
##.#.##...##.....#
.................#
##.#...........###
.#.###################.#
##.#.....#......@oo.....
.#.#.###.#.###########.#
.#.#...#.#.#.#.....#.#
.#.#...#.#.#.#.......#
.#.#...#.#.#.........#
.#.#####.#.#.#.....#.#
.........#.#.#.##########
.#########.#.†..........#
.#########.###.##########


You could see an orc priest and an orc.

Vanquished Creatures
  7 adders
  An ooze (D:3)
  2 dart slugs
  5 giant geckos
  5 orcs
  5 giant cockroaches
  7 goblins
  4 hobgoblins
  2 jackals (D:1)
  A quokka (D:2)
  3 ball pythons (D:1)
  5 bats
  2 giant newts (D:2)
  7 kobolds
  6 rats
62 creatures vanquished.

Notes
Turn   | Place    | Note
--------------------------------------------------------------
     0 | D:1      | raph the Centaur Hunter began the quest for the Orb.
     0 | D:1      | Reached XP level 1. HP: 17/17 MP: 1/1
   280 | D:1      | Reached XP level 2. HP: 10/24 MP: 2/2
   945 | D:1      | Reached skill level 6 in Bows
  1045 | D:1      | Reached XP level 3. HP: 30/30 MP: 3/3
  1247 | D:2      | Found a shattered altar of Ashenzari.
  1494 | D:2      | Became a worshipper of Ashenzari the Shackled
  1537 | D:2      | Found a burning altar of Makhleb.
  1774 | D:2      | You fall through a shaft for 2 floors!
  1822 | D:4      | Reached skill level 7 in Bows
  1822 | D:4      | Reached XP level 4. HP: 18/37 MP: 4/4
  2003 | D:4      | Reached * piety under Ashenzari
  2038 | D:4      | Found a staircase to the Ecumenical Temple.
  3274 | D:3      | Reached XP level 5. HP: 19/42 MP: 5/5
  3456 | D:3      | Reached skill level 8 in Bows
  3476 | D:3      | Slain by an orc priest

Skill      XL: |  1  2  3  4  5 |
---------------+----------------+-----
Bows           | 6 7 8 |  8.0
Fighting       | |  2.3
Dodging        | |  1.7
Stealth        | |  0.5

Action                   |  1- 3 |  4- 6 || total
-------------------------+-------+-------++-------
Melee: Short sword       |   133 |    68 ||   201
       Kick              |    17 |    14 ||    31
 Fire: Shortbow          |    26 |    33 ||    59
  Eat: Chunk             |     2 |     3 ||     5
Armor: Ring mail         |    67 |    39 ||   106
Dodge: Dodged            |    71 |    29 ||   100
